 Dungeon Crawl Stone Soup version 0.16.2-12-gd0ad4c3 (webtiles) character file.

126 SlimeFever the Ruffian (level 5, -1/46 HPs)
             Began as a Hill Orc Monk on Sept 28, 2015.
             Was a Believer of Fedhas.
             Killed from afar by an orc wizard (10 damage)
             ... with a puff of flame
             ... on level 3 of the Dungeon.
             The game lasted 00:26:10 (1852 turns).

SlimeFever the Ruffian (Hill Orc Monk)              Turns: 1852, Time: 00:26:12

Health: -1/46      AC:  2    Str: 15    XL:     5   Next: 10%
Magic:  8/8        EV: 13    Int: 10    God:    Fedhas [**....]
Gold:   166        SH:  0    Dex: 13    Spells: 0 memorised, 4 levels left

rFire  . . .     SeeInvis .       - Unarmed
rCold  . . .     Clarity  .     t - +0 robe
rNeg   . . .     SustAb   .     (no shield)
rPois  .         Gourm    .     (no helmet)
rElec  .         Spirit   .     (no cloak)
rCorr  .         Warding  .     (no gloves)
rMut   .         Stasis   .     (no boots)
MR     .....                    j - amulet of regeneration
Stlth  ++........               (no ring)
                                (no ring)

@: not resistant to hostile enchantments, unstealthy
A: no striking features
a: Evolution, Sunlight, Renounce Religion


You were on level 3 of the Dungeon.
You worshipped Fedhas.
Fedhas was pleased with you.
You were not hungry.

You visited 1 branch of the dungeon, and saw 3 of its levels.

You collected 166 gold pieces.

Inventory:

Hand weapons
 a - a +0 hunting sling
Missiles
 c - 14 sling bullets of frost
 e - 59 arrows
 i - 6 tomahawks (quivered)
 k - 80 bolts
 n - 8 sling bullets
 o - 9 stones
Armour
 q - a +0 plate armour
 t - a +0 robe (worn)
Jewellery
 j - an amulet of regeneration (around neck)
Magical devices
 g - a wand of digging (6)
Scrolls
 h - a scroll of blinking
 l - a scroll of remove curse {unknown}
 p - a scroll of recharging {unknown}
 s - a scroll of teleportation {unknown}
 u - a scroll of amnesia
Potions
 d - a potion of flight {unknown}
 f - 2 potions of brilliance
 r - 2 potions of restore abilities
Comestibles
 b - a meat ration
 m - 3 bread rations


   Skills:
 - Level 4.2 Fighting
 - Level 0.2 Throwing
 + Level 0.4 Armour
 - Level 2.9 Dodging
 - Level 1.5 Stealth
 - Level 5.1 Unarmed Combat
 + Level 0.1 Spellcasting
 + Level 3.3 Invocations


You had 4 spell levels left.
You didn't know any spells.

Dungeon Overview and Level Annotations

Branches:
Dungeon (3/15)

Altars:
Cheibriados
Fedhas
Qazlal
Trog
Yredelemnul


Message History

The orc is heavily wounded.
The orc wizard gestures at you while chanting.
The puff of flame hits you!
The orc hits you with a mace of protection!
You barely miss the orc wizard.
The orc wizard is severely wounded.
The orc wizard hits you but does no damage.
You barely miss the orc wizard.
The orc wizard is severely wounded.
The orc barely misses you. The orc wizard hits you with a dagger.
* * * LOW HITPOINT WARNING * * *
You barely miss the orc wizard.
The orc wizard is severely wounded.
The orc wizard barely misses you.
The orc hits you with a mace of protection.
* * * LOW HITPOINT WARNING * * *
The orc wizard casts a spell at you. The puff of flame hits you!
You die...
Fedhas appreciates your contribution to the ecosystem.

...#8.....8#####.###
...#.......###......
#.##8.....8#).......
#..#.......##)......
..##8.....8#.#......
. #...).).#.#......
#8f....8#.#######
##......)..#
#@o......###
#o######## ..Z#
....## ...... .....
..... .... #


You could see an orc wizard, an orc, an adder skeleton and a friendly wandering
mushroom.

Vanquished Creatures
  Ijyb (D:3)
  4 adders
  An ooze (D:2)
  2 giant geckos (D:1)
  4 bats
  2 giant cockroaches
  13 goblins
  A hobgoblin (D:1)
  4 kobolds
  4 giant newts
  4 rats
40 creatures vanquished.

Vanquished Creatures (collateral kills)
  The ghost of musteatbrain the Gusty, an average TeAE (D:3)
  An ooze (D:3)
  A goblin (D:3)
3 creatures vanquished.

Vanquished Creatures (others)
  15 toadstools
15 creatures vanquished.

Grand Total: 58 creatures vanquished

Notes
Turn   | Place    | Note
--------------------------------------------------------------
     0 | D:1      | SlimeFever, the Hill Orc Monk, began the quest for the Orb.
     0 | D:1      | Reached XP level 1. HP: 19/19 MP: 1/1
   112 | D:1      | Reached XP level 2. HP: 20/27 MP: 2/2
  1005 | D:2      | Found a blossoming altar of Fedhas.
  1011 | D:2      | Became a worshipper of Fedhas Madash
  1011 | D:2      | Acquired Fedhas' first power
  1011 | D:2      | Acquired Fedhas' second power
  1150 | D:2      | Reached XP level 3. HP: 33/33 MP: 3/3
  1231 | D:2      | Found a bloodstained altar of Trog.
  1341 | D:2      | Found a snail-covered altar of Cheibriados.
  1341 | D:2      | Found a stormy altar of Qazlal.
  1386 | D:2      | Reached skill level 5 in Unarmed Combat
  1530 | D:2      | Reached XP level 4. HP: 33/40 MP: 4/4
  1587 | D:3      | Found a basalt altar of Yredelemnul.
  1661 | D:3      | Noticed musteatbrain's ghost (average TeAE)
  1674 | D:3      | Killed musteatbrain's ghost
  1757 | D:3      | Noticed Ijyb
  1776 | D:3      | Killed Ijyb
  1776 | D:3      | Reached XP level 5. HP: 46/46 MP: 6/8
  1852 | D:3      | Killed from afar by an orc wizard

Action                   |  1- 3 |  4- 6 || total
-------------------------+-------+-------++-------
Melee: Unarmed           |   124 |    42 ||   166
Throw: Stone             |     6 |       ||     6
       Tomahawk          |       |     2 ||     2
Invok: Evolution         |       |     1 ||     1
  Use: Scroll            |     5 |     4 ||     9
 Stab: Sleeping          |     2 |       ||     2
       Confused          |       |     1 ||     1
  Eat: Bread ration      |     1 |       ||     1
